 Dungeon Crawl Stone Soup version 0.27.1-35-g4d5d836560 (webtiles) character file.

Game seed: 768909431434935740

5278 Froggeryz the Grappler (level 10, -2/72 HPs)
             Began as an Octopode Berserker on Dec 13, 2022.
             Was an Elder of Trog.
             Slain by a kobold (3 damage)
             ... on level 10 of the Dungeon.
             The game lasted 00:10:39 (9424 turns).

Froggeryz the Grappler (Octopode Berserker)         Turns: 9424, Time: 00:10:39

Health: -2/72      AC:  3    Str: 18    XL:     10   Next: 63%
Magic:  10/10      EV: 25    Int:  9    God:    Trog [****..]
Gold:   526        SH:  6    Dex: 20    Spells: 9/9 levels left

rFire    + . .     SeeInvis .     - Unarmed
rCold    . . .     Faith    .   a - +0 buckler
rNeg     . . .     Spirit   .   e - +2 hat "Jicvium" {Regen+}
rPois    .         Reflect  .   (no amulet)
rElec    .         Harm     .   o - ring of protection from fire
rCorr    .         Rampage  .   l - +6 ring of dexterity
Will     ++...                  A - +4 ring of evasion
Stlth    +++.......             t - +4 ring of evasion
HPRegen  2.22/turn              (no ring)
MPRegen  0.12/turn              (no ring)
                                (no ring)
                                (no ring)

@: strong-willed, regenerating
A: almost no armour, amphibious, 8 rings, camouflage 1, gelatinous body 1,
(nimble swimmer 1), tentacles
a: Renounce Religion, Berserk, Trog's Hand, Brothers in Arms


You were on level 10 of the Dungeon.
You worshipped Trog.
Trog was greatly pleased with you.
You visited 2 branches of the dungeon, and saw 11 of its levels.

You collected 526 gold pieces.

Inventory:

Missiles
 i - 42 poisoned darts (quivered)
 y - 2 throwing nets
 B - a curare-tipped dart
Armour
 a - a +0 buckler (worn)
 e - the +2 hat "Jicvium" (worn) {Regen+}
   (You acquired it on level 7 of the Dungeon)

   Regen:     It increases your rate of health regeneration.
Jewellery
 l - a +6 ring of dexterity (right tentacle)
 o - a ring of protection from fire (left tentacle)
 t - a +4 ring of evasion (on tentacle)
 A - a +4 ring of evasion (on tentacle)
Wands
 j - a wand of iceblast (10)
 m - a wand of paralysis (8)
 s - a wand of charming (5)
 x - a wand of flame (30)
Scrolls
 b - a scroll of teleportation
 c - 2 scrolls of enchant armour {unknown}
 d - 2 scrolls of silence {unknown}
 f - 2 scrolls of magic mapping {unknown}
 k - 3 scrolls of immolation
 n - 2 scrolls of holy word
 q - a scroll of acquirement
Potions
 g - 2 potions of heal wounds {unknown}
 h - a potion of magic {unknown}
 p - 3 potions of brilliance {unknown}
 r - a potion of lignification {unknown}
 u - a potion of mutation {unknown}
 v - 2 potions of might {unknown}
 w - 2 potions of haste {unknown}
Miscellaneous
 z - a tin of tremorstones (2/2)


   Skills:
 + Level 8.3 Fighting
 + Level 5.8 Dodging
 - Level 2.1 Stealth
 - Level 5.4 Shields
 * Level 11.2 Unarmed Combat


You had 9 spell levels left.
You didn't know any spells.
Your spell library was empty.

Dungeon Overview and Level Annotations

Branches:
Dungeon (10/15)            Temple (0/1) D:4            Lair (1/6) D:8
    Orc: D:9-12

Altars:
Okawaru

Shops:
D:5 ?

Annotations:
D:6 2 transporters
D:10 Harold


Innate Abilities, Weirdness & Mutations

You cannot wear most types of armour.
You are amphibious.
You can wear up to eight rings at the same time.
Your skin changes colour to match your surroundings (Stealth+).
Your rubbery body absorbs attacks. (AC +1, EV +1)
((You are camouflaged near water. (Stealth+)))
You have tentacles for arms and can constrict up to eight enemies at once.


Message History

Harold is severely wounded.
You constrict Harold.
Harold zaps a wand.
You suddenly lose the ability to move!
You lose your grip on Harold.
Harold says, "This is so exciting!
What a great way to end my career!"
Harold hits you with a +0 scimitar!!
The kobold brigand hits you with a +0 short sword.
The kobold hits you but does no damage. Harold hits you with a +0 scimitar!!
The kobold brigand hits you with a +0 short sword!
The kobold hits you with a +0 short sword.
* * * LOW HITPOINT WARNING * * *
You can move again.
Unknown command.
Unknown command.
Harold says, "Ah, this is what I got into this business for!"
Harold fires a harpoon shot at you. The harpoon shot misses you.
Your skin crawls.
You feel strong-willed.
You bludgeon the kobold brigand! Your grab misses the kobold brigand.
The kobold brigand is moderately wounded.
The kobold brigand completely misses you.
You bludgeon the kobold brigand! You grab the kobold brigand.
The kobold brigand is almost dead.
You constrict the kobold brigand.
The kobold brigand completely misses you.
You bludgeon the kobold brigand!
You kill the kobold brigand!
Trog accepts your kill. Harold fires a harpoon shot at you.
The harpoon shot hits you!
* * * LOW HITPOINT WARNING * * *
You are yanked forward by the harpoon shot.
The kobold closely misses you. The kobold misses you.
Harold fires a harpoon shot at you. The harpoon shot hits you!
* * * LOW HITPOINT WARNING * * *
You are yanked forward by the harpoon shot.
The kobold hits you with a +0 club.
You die...

#############
#...........#
#...........#
#..........<#
#..........[.
#............
#...K@K.....#
#@# #.# ##.#
#..# #.## #.#
#.# #.# #.#


You could see Harold and 2 kobolds.

Vanquished Creatures
  Maurice (D:9)
  A troll (D:9)
  A hornet (D:9)
  Grinder (D:5)
  A wraith (D:7)
  4 yaks
  Menkaure (D:5)
  2 kobold brigands
  5 orc warriors
  A black bear (D:6)
  A necrophage (D:8)
  An ogre (D:5)
  2 phantoms
  2 centaurs
  Blork the orc (D:4)
  4 bullfrogs
  2 scorpions (D:5)
  A gnoll sergeant (D:7)
  A water moccasin zombie (D:5)
  3 killer bees (D:9)
  A water moccasin skeleton (D:5)
  7 wights
  3 howler monkeys
  2 bullfrog zombies (D:6)
  2 centaur zombies (D:8)
  A hound (D:5)
  Crazy Yiuf (D:4)
  A centaur skeleton (D:7)
  A gnoll shaman (D:8)
  3 orc priests
  A jelly (D:6)
  3 iguanas
  8 orc wizards
  A hound zombie (D:5)
  A howler monkey zombie (D:9)
  13 gnolls
  2 howler monkey skeletons (D:6)
  9 adders
  2 white imps
  An adder skeleton (D:4)
  3 worms
  23 orcs
  7 bats
  7 endoplasms
  4 giant cockroaches
  4 goblins
  7 hobgoblins
  4 jackals (D:2)
  10 kobolds
  4 quokkas
  6 ball pythons
  5 frilled lizards
  8 rats
191 creatures vanquished.

Vanquished Creatures (collateral kills)
  Prince Ribbit (D:6)
  An orc (D:8)
  A kobold (D:6)
3 creatures vanquished.

Vanquished Creatures (others)
  A yak (D:8)
  2 plants (Lair:1)
3 creatures vanquished.

Grand Total: 197 creatures vanquished

Notes
Turn   | Place    | Note
-------+----------+-------------------------------------------
     0 | D:1      | Froggeryz the Octopode Berserker began the quest for the
                  | Orb.
     0 | D:1      | Reached XP level 1. HP: 16/16 MP: 1/1
     3 | D:1      | Noticed an electric eel
     4 | D:1      | Noticed an electric eel
   194 | D:1      | Reached skill level 1 in Stealth
   194 | D:1      | Reached XP level 2. HP: 21/21 MP: 2/2
   871 | D:2      | Reached XP level 3. HP: 26/26 MP: 3/3
   927 | D:2      | Found a faded altar of an unknown god.
   944 | D:2      | Reached ** piety under Trog
  1635 | D:3      | Reached skill level 4 in Unarmed Combat
  1635 | D:3      | Reached XP level 4. HP: 28/31 MP: 4/4
  2221 | D:3      | Reached skill level 1 in Shields
  2763 | D:4      | Reached XP level 5. HP: 37/37 MP: 5/5
  2801 | D:4      | Found a runed translucent door.
  2802 | D:4      | Noticed Crazy Yiuf
  3040 | D:4      | Found Junoc's Antique Weapon Shoppe.
  3073 | D:4      | Found a staircase to the Ecumenical Temple.
  3349 | D:4      | Reached *** piety under Trog
  3470 | D:4      | Reached skill level 5 in Unarmed Combat
  3528 | D:4      | Noticed Blork the orc
  3538 | D:4      | Killed Blork the orc
  3539 | D:4      | Reached XP level 6. HP: 28/43 MP: 6/6
  3765 | D:4      | Killed Crazy Yiuf
  3844 | D:5      | Entered Level 5 of the Dungeon
  3928 | D:5      | Noticed Menkaure
  3931 | D:5      | Found Gogeckekh's Magic Scroll Shoppe.
  3937 | D:5      | Killed Menkaure
  3938 | D:5      | Reached skill level 6 in Unarmed Combat
  3938 | D:5      | Reached XP level 7. HP: 45/49 MP: 7/7
  4034 | D:5      | Noticed Grinder
  4042 | D:5      | Killed Grinder
  4043 | D:5      | Reached skill level 5 in Fighting
  4218 | D:5      | Identified the +10 hand axe "Lifebane" {protect, Int+4}
  4256 | D:5      | Reached XP level 8. HP: 53/55 MP: 8/8
  4342 | D:5      | Reached skill level 7 in Unarmed Combat
  5126 | D:6      | Found a transporter.
  5127 | D:6      | Found a transporter.
  5229 | D:6      | Noticed Prince Ribbit
  5237 | D:5      | Reached skill level 8 in Unarmed Combat
  5674 | D:6      | Killed Prince Ribbit
  5675 | D:6      | Reached skill level 5 in Shields
  5675 | D:6      | Reached XP level 9. HP: 44/62 MP: 9/9
  6252 | D:6      | Reached skill level 9 in Unarmed Combat
  7781 | D:7      | Identified a scroll of acquirement
  7781 | D:7      | Acquired the +2 hat "Jicvium" {Regen+}
  7805 | D:8      | Reached skill level 10 in Unarmed Combat
  7812 | D:8      | Reached **** piety under Trog
  7829 | D:8      | Reached XP level 10. HP: 60/71 MP: 10/10
  7933 | D:8      | Found a staircase to the Lair.
  8290 | Lair:1   | Entered Level 1 of the Lair of Beasts
  8342 | Lair:1   | Noticed an eight-headed hydra
  8343 | Lair:1   | Noticed a black mamba
  8446 | D:9      | Paralysed by a hornet for 2 turns
  8452 | D:9      | Reached skill level 5 in Dodging
  9056 | D:9      | Noticed Maurice
  9067 | D:9      | Killed Maurice
  9068 | D:9      | Reached skill level 11 in Unarmed Combat
  9137 | D:9      | Found an iron altar of Okawaru.
  9323 | D:10     | Entered Level 10 of the Dungeon
  9411 | D:10     | Noticed Harold
  9416 | D:10     | Paralysed by Harold for 2 turns
  9424 | D:10     | HP: 1/72 [Harold/harpoon shot (16)]
  9424 | D:10     | Slain by a kobold

Illustrated notes

Levels and vault maps discovered:
D:1:      arrival_aquarium_b, layout_rooms, nrook_mini_vaults, hex_tiny
D:2:      layout_basic, ebering_ecumenical_altar_box
D:3:      minmay_chambers_of_threes, layout_basic, kennysheep_generic_room_8
D:4:      layout_loops_cross, minmay_temple_entry_offerings, serial_shops, shop,
          st_stairs_1, uniq_blork_the_orc, uniq_crazy_yiuf_cottage
D:5:      layout_rooms, serial_shops, shop_scrolls, serial_park_tiny_1,
          minmay_holes, uniq_menkaure, uniq_grinder
D:6:      gammafunk_steamed_eel, layout_cave_pools, hangedman_decor_peaks_small,
          uniq_prince_ribbit1
D:7:      layout_cave_pods, supply_closet_lemuel, chequers_serial_rivers_room_b
D:8:      layout_rooms, lair_entry_dummy
D:9:      layout_grid_maze, mainiacjoe_overflow_alcove_2,
          kennysheep_opposing_triangles, uniq_maurice
D:10:     layout_roguey, minmay_orc_entry_temple_small,
          kennysheep_windowed_goal, uniq_nergalle, uniq_harold
Lair:1:   layout_gridlike, grunt_megastairs_2, minmay_lair_oklob_chamber

Skill      XL: |  1  2  3  4  5  6  7  8  9 10 |
---------------+-------------------------------+-----
Stealth        | 1 2 |  2.1
Unarmed Combat | 4 5 6 8 10 11 | 11.2
Shields        | 1 2 3 5 |  5.4
Fighting       | 4 5 6 7 8 |  8.3
Dodging        | 4 5 |  5.8

Action                   |  1- 3 |  4- 6 |  7- 9 | 10-12 || total
-------------------------+-------+-------+-------+-------++-------
Melee: Unarmed           |    75 |   103 |   180 |   100 ||   458
       Tentacles         |    17 |    19 |    56 |    27 ||   119
       Punch             |     1 |     6 |    24 |     9 ||    40
       Constrict         |    16 |    22 |    40 |    21 ||    99
Throw: Dart              |       |       |    11 |     9 ||    20
Invok: Berserk           |       |     4 |     7 |     1 ||    12
       Trog's Hand       |       |     2 |     4 |     1 ||     7
Evoke: Wand              |       |       |     3 |     2 ||     5
  Use: Scroll            |       |       |     9 |       ||     9
 Stab: Sleeping          |    11 |     9 |     9 |     2 ||    31
       Paralysed         |       |       |       |     3 ||     3
Armor: Skin              |     7 |     3 |     1 |     6 ||    17
Dodge: Dodged            |    45 |    50 |    88 |    77 ||   260
Block: Buckler           |       |       |    18 |    23 ||    41
